 Dungeon Crawl Stone Soup version coffee-0.2.0 (webtiles) character file.

Game seed: 5653385935461783853, levelgen mode: deterministic

23331 Dorkslayer the Carver (level 12, -1/102 HPs)
             Began as a Demigod Fighter on Oct 17, 2020.
             Slain by a deathcap (2 damage)
             ... summoned by a curse toe
             ... in the Realm of Zot.
             The game lasted 00:44:44 (11980 turns).

Dorkslayer the Carver (Demigod Fighter)            Turns: 11980, Time: 00:44:44

Health: -1/102     AC: 21    Str: 27      XL:     12   Next: 38%
Magic:  0/15       EV: 13    Int: 12      God:
Gold:   260        SH: 14    Dex: 17 (18) Spells: 11/11 levels left

rFire    . . .     SeeInvis .   d - +2 double sword (drain)
rCold    + . .     Gourm    .   c - +0 kite shield
rNeg     . . .     Faith    .   F - +0 plate armour
rPois    .         Spirit   +   t - +0 helmet
rElec    .         Reflect  .   s - +0 cloak
rCorr    +         Harm     .   a - +2 pair of gloves {Dex+3}
MR       ++...                  (no boots)
Stlth    ..........             m - amulet of guardian spirit
HPRegen  0.00/turn              k - ring of protection from magic
MPRegen  0.14/turn              E - ring of resist corrosion

@: no status effects
A: cold resistance 1, high mp 1, inhibited regeneration
a: no special abilities


You were in the Realm of Zot.
You were not hungry.

You visited 2 branches of the dungeon, and saw 11 of its levels.

You collected 620 gold pieces.
You spent 360 gold pieces at shops.

Inventory:

Hand Weapons
 d - a +2 double sword of draining (weapon)
 r - a +4 long sword of freezing
 D - a +0 demon blade of flaming
Missiles
 p - 34 poisoned darts
 w - 17 boomerangs
 B - 4 silver javelins (quivered)
Armour
 a - a +2 pair of gloves of dexterity (worn)
 c - a +0 kite shield (worn)
 s - a +0 cloak (worn)
 t - a +0 helmet (worn)
 F - a +0 plate armour (worn)
Jewellery
 k - a ring of protection from magic (left hand)
 m - an amulet of guardian spirit (around neck)
 v - an uncursed amulet of magic regeneration
 E - a ring of resist corrosion (right hand)
Wands
 C - a wand of iceblast (2)
Scrolls
 h - 2 scrolls of teleportation
 i - 2 scrolls of magic mapping
 j - a scroll of enchant armour
 l - 6 scrolls of remove curse
 n - 4 scrolls of amnesia
 x - a scroll of silence
 y - a scroll of blinking
Potions
 o - 8 potions of curing
 q - 4 potions of flight
 u - a potion of stabbing
 z - a potion of ambrosia
 A - 2 potions of magic
Comestibles
 f - 22 rations


   Skills:
 + Level 8.2(11.4) Fighting
 + Level 12.6 Long Blades
 + Level 4.6 Throwing
 + Level 7.3(11.2) Armour
 + Level 4.5(10.3) Dodging
 + Level 2.9(10.8) Stealth
 + Level 9.1(11.8) Shields
 + Level 0.1 Evocations


You had 11 spell levels left.
You didn't know any spells.
Your spell library contained the following spells:

 Spells                   Type           Power        Failure   Level  Hunger
 Ensorcelled Hibernation  Hex/Ice        ###...       41%         2    None
 Corona                   Hex            #......      86%         1    None
 Magic Dart               Conj           #...         86%         1    None
 Sting                    Tmut/Pois      #...         86%         1    None
 Blink                    Tloc           N/A          94%         2    None
 Call Imp                 Summ           #.......     94%         2    None
 Poisonous Vapours        Pois/Air       #.....       94%         2    None
 Searing Ray              Conj           #.....       94%         2    None
 Slow                     Hex            #.......     94%         2    None
 Confusing Touch          Hex            #.......     99%         3    ##.....
 Conjure Flame            Conj/Fire      #.......     99%         3    ##.....
 Dazzling Flash           Conj/Hex       #.....       99%         3    ##.....
 Gell's Gravitas          Tloc           #.........   99%         3    ##.....
 Ignite Poison            Fire/Tmut/Pois #.......     99%         3    ##.....
 Mephitic Cloud           Conj/Pois/Air  #.......     99%         3    ##.....
 Tukima's Dance           Hex            #.......     99%         3    ##.....
 Fulminant Prism          Conj/Hex       #.........   100%        4    ####...
 Iskenderun's Mystic Bla  Conj/Tloc      #.......     100%        4    ####...
 Olgreb's Toxic Radiance  Pois           #.......     100%        4    ####...
 Petrify                  Tmut/Erth      #.......     100%        4    ####...
 Metabolic Englaciation   Hex/Ice        ###.......   100%        5    #####..
 Yara's Violent Unravell  Hex/Tmut       #.........   100%        5    #####..


Dungeon Overview and Level Annotations

Branches:
Dungeon (10/10)            Temple (0/1) D:2             Zot (1/1) D:10

Shops:
D:1 *   D:2 (   D:4 (   D:8 *


Innate Abilities, Weirdness & Mutations

You have an increased reservoir of magic. (+10% MP)
Your flesh is cold resistant. (rC+)
You do not regenerate when monsters are visible.


Message History

The deathcap draws from the surrounding life force!
* * * LOW HITPOINT WARNING * * *
Unknown command.
You hit the curse toe but do no damage.
The curse toe is heavily damaged.
You block the deathcap's attack.
You hit the curse toe but do no damage.
The curse toe is heavily damaged.
The deathcap releases spores at you but does no damage.
You slash the curse toe!
The curse toe is almost destroyed.
You hit the curse toe.
The curse toe is almost destroyed.
You block the deathcap's attack.
The curse toe calls on the powers of darkness!
You feel a surge of unholy energy.
You hit the curse toe.
The curse toe is almost destroyed.
The deathcap releases spores at you.
You die...

#⌠.^#......###...##
#..#
##.....##...#...##
#..#
##...####.....##
##..##########
##..### ##...##
##............#
#8..8#####...##
##ff............
..⌠....##...##
##f.f####..####..
...........##
##f.f## #..# ##.
#8..8###..##
##.zf## #).# ##
##..## #..# ##.@f##
###..### # ....#
#..# #...##
##......## ....#
#..# #..##
##....⌠...## ##..#
#..# #..#
##...(###...## #..#
#..####..#
#...#..###...# #..#
#........# #..###.#
##..# ####
######▓▓▓▓
######.#######
...............
#......z......#


You could see 4 deathcaps, 4 wandering mushrooms and a curse toe.

Vanquished Creatures
  Harold (D:7)
  A golden dragon (D:10)
  An orb of fire (Zot)
  The ghost of Uummannaq the Cleaver, a novice HOFi of Okawaru (D:8)
  2 two-headed ogres
  A death cob (Zot)
  A skeletal warrior (D:8)
  4 Orb Guardians (Zot)
  A wizard (D:7)
  A draconian shifter (D:10)
  A draconian annihilator (Zot)
  An electric golem (Zot)
  An ice dragon (D:10)
  A black draconian (Zot)
  A gargoyle (D:10)
  2 purple draconians
  A yellow draconian (Zot)
  3 yaktaurs (D:10)
  A red draconian (D:10)
  A white draconian (D:10)
  3 green draconians
  A queen bee (D:9)
  A troll (D:9)
  Grinder (D:5)
  3 hippogriffs
  2 moths of wrath (Zot)
  A wyvern (D:9)
  Sigmund (D:2)
  A vampire (D:10)
  17 yaks
  A hungry ghost (D:8)
  2 water moccasins
  5 orc warriors
  3 ice beasts
  3 sky beasts
  3 ogres
  4 black bears
  5 centaurs
  A crocodile (D:8)
  13 bullfrogs
  A gnoll sergeant (D:8)
  A water moccasin skeleton (D:9)
  30 killer bees
  9 wights (D:10)
  A bullfrog zombie (D:10)
  5 crimson imps (D:6)
  A centaur zombie (D:10)
  A hound (D:6)
  3 jellies
  2 centaur skeletons
  4 orc priests
  3 bullfrog skeletons
  8 orc wizards
  4 worker ants
  3 iguanas
  A hound skeleton (D:6)
  A worker ant zombie (D:5)
  6 gnolls (D:2)
  10 adders
  2 shadow imps
  An ooze (D:3)
  A worm (D:3)
  5 dart slugs
  5 leopard geckos
  24 orcs
  8 goblins
  3 hobgoblins
  10 jackals
  2 quokkas (D:3)
  3 bats
  A frilled lizard (D:3)
  10 kobolds
  A quokka skeleton (D:4)
  7 rats
275 creatures vanquished.

Notes
Turn   | Place    | Note
-------+----------+-------------------------------------------
     0 | D:1      | Dorkslayer the Demigod Fighter began the quest for the Orb.
     0 | D:1      | Reached XP level 1. HP: 18/18 MP: 3/3
   118 | D:1      | Reached XP level 2. HP: 25/25 MP: 4/4
   123 | D:1      | Reached skill level 2 in Long Blades
   312 | D:1      | Found Tugeywoo's Assorted Antiques.
   576 | D:2      | Found Xoox's Antique Weapon Emporium.
   603 | D:2      | Reached XP level 3. HP: 30/31 MP: 5/5
   645 | D:2      | Reached XP level 4. HP: 6/38 MP: 6/6
   838 | D:2      | Found a staircase to the Ecumenical Temple.
   840 | D:2      | Noticed Sigmund
   854 | D:2      | Killed Sigmund
   854 | D:2      | Reached skill level 3 in Long Blades
   854 | D:2      | Reached XP level 5. HP: 24/45 MP: 5/7
   927 | D:2      | Reached skill level 1 in Stealth
  1422 | D:2      | Reached skill level 1 in Dodging
  1686 | D:2      | Found a burning altar of Makhleb.
  1718 | D:2      | Reached XP level 6. HP: 50/51 MP: 8/8
  2179 | D:3      | Reached skill level 4 in Long Blades
  3085 | D:4      | Found a stormy altar of Qazlal.
  3087 | D:4      | Found a glowing silver altar of Zin.
  3087 | D:4      | Found a shimmering altar of Xom.
  3125 | D:4      | Found a snail-covered altar of Cheibriados.
  3536 | D:4      | Found Seilach's Antique Weapon Emporium.
  3717 | D:4      | Reached skill level 1 in Throwing
  3717 | D:4      | Reached XP level 7. HP: 58/58 MP: 9/9
  3910 | D:5      | Entered Level 5 of the Dungeon
  3934 | D:5      | Found a radiant altar of Vehumet.
  4230 | D:5      | Found a bloodstained altar of Trog.
  4385 | D:5      | Noticed Grinder
  4410 | D:5      | Killed Grinder
  4410 | D:5      | Reached skill level 5 in Long Blades
  5326 | D:6      | Reached XP level 8. HP: 57/66 MP: 10/10
  5389 | D:6      | Reached skill level 6 in Long Blades
  5820 | D:6      | Reached skill level 5 in Shields
  6216 | D:2      | Bought a +0 double sword for 360 gold pieces
  6392 | D:7      | Reached skill level 7 in Long Blades
  6426 | D:7      | Noticed a wizard
  6431 | D:7      | Killed a wizard
  6431 | D:7      | Reached XP level 9. HP: 54/73 MP: 7/11
  6439 | D:7      | Reached skill level 5 in Fighting
  6534 | D:7      | Found a glowing silver altar of Zin.
  6671 | D:7      | Noticed Harold
  6681 | D:7      | Reached skill level 8 in Long Blades
  6699 | D:7      | Killed Harold
  6699 | D:7      | Reached skill level 5 in Armour
  6984 | D:8      | Found a transporter.
  6987 | D:8      | Noticed Uummannaq's ghost (novice HOFi)
  6989 | D:8      | Noticed a skeletal warrior
  7104 | D:8      | Found a transporter.
  7202 | D:8      | Noticed a two-headed ogre
  7207 | D:8      | Reached XP level 10. HP: 81/83 MP: 13/13
  7216 | D:8      | Killed a two-headed ogre
  7216 | D:8      | Reached skill level 9 in Long Blades
  7520 | D:8      | Found a white marble altar of Elyvilon.
  7666 | D:8      | Found Mybbeast's Assorted Antiques.
  7884 | D:8      | Killed Uummannaq's ghost
  7889 | D:8      | Killed a skeletal warrior
  8257 | D:9      | Found a sparkling altar of Nemelex Xobeh.
  8328 | D:9      | Noticed a two-headed ogre
  8334 | D:9      | Killed a two-headed ogre
  8334 | D:9      | Reached skill level 10 in Long Blades
  8507 | D:9      | Reached XP level 11. HP: 91/91 MP: 14/14
  8699 | D:10     | Entered Level 10 of the Dungeon
  9514 | D:10     | Reached skill level 11 in Long Blades
  9533 | D:10     | Noticed a golden dragon
  9613 | D:10     | Killed a golden dragon
 10108 | D:10     | Found a gate to the Realm of Zot.
 10329 | D:10     | Got the ring "Wosolae" {Ice Dex+3}
 10409 | Zot      | Entered the Realm of Zot
 10683 | Zot      | Noticed an Orb Guardian
 10683 | Zot      | Noticed an Orb Guardian
 10683 | Zot      | Noticed an Orb Guardian
 10690 | Zot      | Killed an Orb Guardian
 10690 | Zot      | Reached XP level 12. HP: 101/101 MP: 15/15
 10719 | Zot      | Reached skill level 12 in Long Blades
 10761 | Zot      | Noticed a curse toe
 10761 | Zot      | Noticed an orb of fire
 10765 | Zot      | Gained mutation: Your body sometimes deteriorates upon
                  | taking damage. [an orb of fire]
 10769 | Zot      | Gained mutation: You are dopey. (Int -2) [an orb of fire]
 10771 | Zot      | Gained mutation: Your body often deteriorates upon taking
                  | damage. [an orb of fire]
 10772 | Zot      | Killed an orb of fire
 11098 | Zot      | Lost mutation: Your body often deteriorates upon taking
                  | damage. [potion of mutation]
 11098 | Zot      | Lost mutation: You are dopey. (Int -2) [potion of mutation]
 11098 | Zot      | Lost mutation: Your body sometimes deteriorates upon taking
                  | damage. [potion of mutation]
 11098 | Zot      | Gained mutation: You do not regenerate when monsters are
                  | visible. [potion of mutation]
 11098 | Zot      | Gained mutation: Your flesh is cold resistant. (rC+)
                  | [potion of mutation]
 11975 | Zot      | HP: 1/102 [deathcap/drain life[a curse toe] (7)]
 11980 | Zot      | Slain by a deathcap

Levels and vault maps discovered:
D:1:      dpeg_arrival_rooms_a, layout_basic, serial_shops, shop_statue,
          chequers_serial_rivers_small_3, minmay_tetromino_o2
D:2:      layout_loops_ring, lemuel_doored_altar,
          minmay_temple_entry_large_hall, serial_co_window_serial,
          co_window_paths_b, co_window_corner_a, co_window_corner_a,
          co_window_paths_b, co_window_of_opportunity_a,
          co_window_of_opportunity_a, co_window_paths_a,
          co_window_of_opportunity_a, co_window_corner_a, co_window_broadway_a,
          co_window_broadway_b, co_window_broadway_a, co_window_unsneaky_path_d,
          co_window_2corner, glass_columns_b, glass_columns_b, serial_shops,
          nicolae_shop_overgrown_old_shop, first_ration, uniq_sigmund
D:3:      layout_basic
D:4:      layout_basic, old_standard_altar, grunt_temple_overflow_open,
          serial_shops, nicolae_shop_stone, feat_on_display
D:5:      layout_layer_cave, lightli_temple_of_fire, basic_altar, uniq_grinder
D:6:      layout_basic
D:7:      cheibrodos_wizards_tower, layout_cave_pools, basic_altar, uniq_harold
D:8:      layout_loops_ring, elyvilon_altar_5, gammafunk_ghost_arena,
          serial_shops, nicolae_shop_overgrown_old_shop
D:9:      layout_roguey [special_room_bee], kennysheep_mini, serial_curves,
          eino_curves_03, eino_curves_02
D:10:     evilmike_zot_entry_basic, layout_basic
Zot:      layout_concentric_octagons, st_stairs_6

Skill      XL: |  1  2  3  4  5  6  7  8  9 10 11 12 |
---------------+-------------------------------------+-----
Long Blades    | 2 3 4 5 7 8 10 11 12 | 12.6
Fighting       | 3 4 6 7 8 |  8.2
Shields        | 3 4 5 6 7 8 9 |  9.1
Armour         | 3 4 5 6 7 |  7.3
Stealth        | 1 2 |  2.9
Dodging        | 1 2 3 4 |  4.5
Throwing       | 1 2 3 4 |  4.6
Evocations     | |  0.1

Action                   |  1- 3 |  4- 6 |  7- 9 | 10-12 || total
-------------------------+-------+-------+-------+-------++-------
Melee: Falchion          |    83 |   226 |   189 |       ||   498
       Double sword      |       |       |    80 |   351 ||   431
       Long sword        |       |       |       |    22 ||    22
Throw: Dart              |       |    15 |       |     4 ||    19
       Javelin           |       |       |    25 |    44 ||    69
       Throwing net      |       |       |       |     1 ||     1
Evoke: Wand              |       |       |       |     4 ||     4
  Use: Potion            |     2 |     1 |     2 |     9 ||    14
       Scroll            |       |       |     2 |     9 ||    11
 Stab: Invisible         |     1 |     1 |       |     1 ||     3
       Sleeping          |       |     1 |       |     1 ||     2
       Held in net/web   |       |       |       |     1 ||     1
  Eat: Chunk             |       |     8 |     6 |     6 ||    20
       Ration            |       |     1 |     1 |     5 ||     7
Armor: Scale mail        |    32 |    74 |    51 |       ||   157
       Chain mail        |       |       |    21 |    82 ||   103
       Plate armour      |       |       |       |    61 ||    61
Dodge: Dodged            |    37 |    63 |    68 |   172 ||   340
Block: Kite shield       |    58 |   108 |   136 |   248 ||   550
       Rpst.: Falchion   |    12 |    21 |    14 |       ||    47
       Double sword      |       |       |     6 |    40 ||    46
       Long sword        |       |       |       |     4 ||     4
